Map: [ESL] Alcyone

Players

GunGFuBanDa

  • Race: Protoss Protoss
  • Spawn Location: 1:00

Bly - Winner!

  • Race: Zerg Zerg
  • Spawn Location: 7:00

Event: ESL SC2 Masters 2024 Spring (Regional)

VOD

Have the link to the VOD?

Description

Time

  • Played on: April 16, 2024, 1:41 p.m.
  • Length: 7:39

All games in this series

Show
View Real Time Build Order
Export as new Build Order

GunGFuBanDa Protoss 

Build Orders: 1 Gate Expand, Oracle Opening 

Get SALT Encoding   

  12  0:00  Probe  
  13  0:12  Probe  
  14  0:18  Pylon  
  14  0:24  Probe (Chrono Boost)  
  15  0:36  Probe (Chrono Boost)  
  15  0:39  Gateway  
  16  0:45  Probe (Chrono Boost)  
  16  0:48  Assimilator  
  17  0:51  Probe  
  18  1:03  Probe  
  19  1:10  Pylon  
  19  1:15  Probe  
  20  1:27  Nexus  
  20  1:36  Cybernetics Core  
  20  1:38  Probe  
  21  1:43  Assimilator  
  21  1:50  Probe  
  21  1:54  Pylon  
  22  2:02  Probe (Chrono Boost)  
  23  2:10  Adept (Chrono Boost)  
  23  2:15  Probe (Chrono Boost)  
  27  2:23  Stargate, Probe (Chrono Boost)  
  27  2:29  Probe  
  27  2:32  Adept (Chrono Boost)  
  30  2:37  Warp Gate  
  30  2:39  Probe  
  30  2:43  Probe  
  32  2:51  Probe  
  32  2:55  Probe, Adept  
  36  3:03  Probe  
  37  3:07  Oracle (Chrono Boost)  
  40  3:14  Probe  
  40  3:16  Probe  
  40  3:17  Gateway  
  42  3:26  Probe  
  43  3:35  Probe  
  43  3:45  Oracle (Chrono Boost)  
  46  3:50  Pylon  
  46  4:01  Pylon  
  46  4:08  Probe (Chrono Boost)  
  46  4:09  Pylon  
  48  4:10  Probe (Chrono Boost)  
  48  4:16  Oracle  
  51  4:19  Assimilator  
  51  4:20  Probe (Chrono Boost)  
  51  4:22  Assimilator  
  51  4:23  Gateway  
  53  4:26  Stalker, Probe (Chrono Boost)  
  53  4:27  Probe (Chrono Boost)  
  56  4:31  Pylon  
  56  4:32  Probe  
  56  4:35  Probe  
  58  4:45  Twilight Council, Probe  
  59  4:47  Probe, Gateway  
  60  4:57  Probe  
  60  4:59  Probe, Adept x2  
  66  5:09  Probe  
  66  5:11  Resonating Glaives (Chrono Boost), Probe  
  68  5:21  Probe  
  66  5:23  Probe  
  66  5:27  Adept x3  
  73  5:32  Pylon  
  73  5:33  Probe  
  73  5:35  Probe  
  75  5:43  Robotics Facility  
  75  5:45  Probe  
  75  5:47  Probe  
  77  5:50  Adept x2  
  77  5:51  Nexus  
  77  5:57  Probe, Adept  
  82  5:59  Probe  
  84  6:09  Probe  
  85  6:11  Probe  
  85  6:13  Pylon  
  85  6:17  Pylon  
  86  6:23  Forge  
  86  6:31  Robotics Bay, Immortal, Probe x2  
  92  6:36  Shield Battery  
  92  6:37  Stalker  
  92  6:38  Adept  
  94  6:43  Probe x2  
  96  6:50  Adept  
  96  6:51  Adept  
  100  6:55  Probe x2  
  98  7:03  Stalker  
  98  7:04  Stalker  
  98  7:08  Probe x2  
  96  7:27  Probe x2  
  95  7:30  Sentry, Stalker x2  
  95  7:31  Stalker  
Show
View Real Time Build Order
Export as new Build Order

Bly Zerg - Winner!

Build Orders: Hatch First 

Get SALT Encoding   

  12  0:00  Drone  
  13  0:12  Overlord  
  13  0:16  Drone  
  14  0:30  Drone x2  
  16  0:48  Drone  
  17  0:53  Hatchery  
  16  0:58  Drone  
  16  1:01  Drone  
  18  1:12  Extractor  
  18  1:15  Spawning Pool  
  16  1:18  Drone  
  16  1:21  Drone  
  18  1:27  Drone  
  19  1:43  Drone  
  20  1:53  Overlord  
  20  2:03  Queen  
  20  2:05  Queen  
  24  2:13  Metabolic Boost  
  24  2:15  Zergling x2  
  25  2:17  Zergling x2  
  25  2:19  Zergling x2  
  25  2:21  Zergling x2  
  28  2:26  Drone  
  30  2:30  Drone  
  30  2:37  Drone  
  30  2:38  Drone  
  32  2:48  Hatchery  
  31  2:54  Drone  
  32  3:01  Zergling x2  
  33  3:06  Queen  
  33  3:07  Overlord x2  
  35  3:25  Queen  
  35  3:27  Drone x8  
  44  3:40  Zergling x2  
  44  3:41  Zergling x2  
  45  3:45  Queen  
  45  3:46  Overlord  
  47  3:51  Spore Crawler x2  
  47  3:52  Drone x4  
  49  3:57  Drone  
  49  4:00  Drone  
  51  4:03  Drone  
  51  4:08  Drone  
  51  4:18  Queen  
  51  4:19  Drone x5  
  51  4:20  Roach Warren  
  51  4:23  Extractor  
  56  4:27  Overlord  
  56  4:30  Overlord  
  56  4:35  Overlord, Drone x2  
  56  4:37  Spore Crawler  
  57  4:38  Queen  
  57  4:39  Overlord  
  57  4:40  Overlord  
  59  4:47  Zergling x4  
  59  4:48  Zergling x2  
  62  4:55  Lair  
  61  5:02  Roach x7  
  61  5:04  Roach  
  77  5:11  Overlord  
  77  5:12  Overlord  
  77  5:13  Queen  
  71  5:26  Drone x9  
  80  5:35  Overlord  
  80  5:41  Overlord  
  77  5:44  Roach x5  
  77  5:48  Overlord  
  87  5:55  Overlord, Glial Reconstitution  
  86  5:58  Overseer  
  88  6:04  Roach x2  
  88  6:10  Drone x7  
  97  6:11  Extractor  
  97  6:13  Extractor  
  95  6:20  Overseer  
  95  6:21  Hatchery  
  95  6:22  Drone x4  
  98  6:30  Drone x5, Extractor  
  98  6:31  Evolution Chamber  
  101  6:35  Overlord  
  101  6:38  Overlord  
  101  6:45  Roach  
  101  6:46  Roach x4  
  108  6:54  Roach x4  
  110  7:03  Roach  
  110  7:04  Zergling x12  
  118  7:11  Overlord  
  118  7:14  Drone x4  
  120  7:20  Drone  
Tags
 
Add a new tag
Caveats
  • Supply blocks, unpowered buildings, or Contaminate may cause inaccurate times.
  • Supply counts are checked every 10 seconds.